Map: Prion Terraces

Players

LilDicky

  • Race: Terran Terran
  • League: Diamond

Kelkun - Winner!

  • Race: Zerg Zerg
  • League: Diamond

VOD

http://www.twitch.tv/tumescentpie

Description

Time

  • Played on: Nov. 28, 2015, 9:21 p.m.
  • Length: 16:51
Show
View Real Time Build Order
Export as new Build Order

LilDicky Terran 

Build Orders: Liberator Opening, Bio Tank 

Get SALT Encoding   

  12  0:03  SCV  
  13  0:15  SCV  
  13  0:18  Supply Depot  
  14  0:29  SCV  
  14  0:33  Refinery  
  15  0:41  SCV  
  16  0:45  Barracks  
  16  0:55  SCV  
  17  1:07  SCV  
  18  1:19  SCV  
  20  1:34  Supply Depot, Marine  
  20  1:35  Orbital Command  
  20  1:41  Factory  
  20  1:52  Marine  
  21  2:04  SCV  
  22  2:10  Marine  
  23  2:22  SCV  
  24  2:25  Factory Tech Lab  
  24  2:29  Refinery  
  24  2:32  Marine  
  24  2:34  SCV  
  26  2:43  Command Center  
  26  2:46  SCV, Siege Tank  
  26  2:50  Bunker  
  30  2:51  Marine  
  31  3:06  Supply Depot  
  31  3:12  SCV, Marine  
  33  3:16  Starport  
  33  3:19  Hellion  
  35  3:24  SCV  
  36  3:30  Supply Depot  
  36  3:36  SCV  
  36  3:37  Supply Depot  
  37  3:44  Marine  
  37  3:45  Liberator  
  39  3:48  SCV  
  39  4:01  SCV  
  40  4:05  Siege Tank  
  46  4:12  Orbital Command  
  46  4:21  SCV  
  46  4:23  Marine  
  48  4:33  SCV  
  49  4:39  Liberator  
  49  4:40  Command Center  
  49  4:55  SCV  
  49  4:58  Siege Tank  
  55  5:00  SCV  
  56  5:07  SCV  
  56  5:12  SCV  
  57  5:17  Barracks Tech Lab  
  57  5:18  Barracks  
  57  5:19  SCV, Barracks  
  58  5:25  SCV  
  59  5:30  Siege Tank  
  59  5:31  SCV  
  59  5:32  Refinery  
  59  5:34  Refinery  
  63  5:41  Stimpack, Marine  
  64  5:43  SCV  
  65  5:50  SCV  
  65  5:54  Orbital Command  
  66  5:59  Marine  
  66  6:01  SCV  
  68  6:15  Siege Tank, Orbital Command  
  71  6:21  Barracks Tech Lab  
  71  6:22  Barracks Reactor  
  71  6:25  Starport Reactor  
  71  6:29  SCV  
  72  6:34  SCV  
  73  6:41  SCV  
  73  6:46  SCV x2  
  76  6:47  Marine x2  
  76  6:48  Combat Shields  
  76  6:51  Liberator  
  76  6:53  SCV  
  79  6:58  SCV  
  79  6:59  Refinery  
  79  7:00  Refinery  
  80  7:05  Supply Depot, Marine  
  80  7:06  Siege Tank  
  87  7:09  Marine x2  
  87  7:10  Marine  
  87  7:11  SCV  
  91  7:19  Command Center  
  91  7:23  Marine  
  91  7:24  SCV  
  91  7:26  Barracks x2  
  91  7:27  SCV x2, Engineering Bay x2, Barracks  
  95  7:30  Supply Depot  
  95  7:31  Supply Depot  
  95  7:36  SCV  
  96  7:37  Marine  
  96  7:39  SCV, Siege Tank  
  101  7:52  SCV  
  101  7:53  SCV, Engineering Bay  
  101  7:56  Terran Infantry Weapons Level 1, Terran Infantry Armor Level 1  
  103  7:58  Liberator x2  
  103  8:02  Missile Turret  
  103  8:05  Missile Turret  
  103  8:08  Supply Depot, SCV x2  
  103  8:09  Armory, Marine x3  
  109  8:12  SCV  
  109  8:17  Barracks Reactor x2, Barracks Tech Lab  
  109  8:18  Marine  
  116  8:20  SCV  
  116  8:23  Missile Turret  
  117  8:31  SCV x2  
  117  8:32  Marine x3  
  117  8:33  SCV, Missile Turret  
  123  8:36  Marine  
  124  8:43  SCV  
  124  8:48  Missile Turret x2  
  125  8:54  Missile Turret  
  100  9:11  Marine x2  
  100  9:12  Marauder x2  
  100  9:14  Marine x2  
  100  9:15  Missile Turret  
  108  9:20  Command Center  
  108  9:23  Marine x2  
  112  9:24  Marauder  
  112  9:32  Marine  
  112  9:33  Marauder x2, Marine  
  112  9:36  Liberator x2  
  117  9:42  Marine  
  117  9:43  Marine x2  
  117  9:45  Marauder, Marine  
  114  9:50  Marine  
  114  9:51  Marine  
  108  9:54  Marauder  
  108  9:55  Marauder  
  108  9:56  Siege Tank  
  108  9:57  Orbital Command  
  117  10:00  Marine  
  117  10:01  SCV x2  
  117  10:02  Concussive Shells  
  117  10:04  Terran Infantry Weapons Level 2, Terran Infantry Armor Level 2  
  117  10:06  Terran Vehicle And Ship Armor Level 1  
  122  10:07  Marauder  
  122  10:14  SCV  
  122  10:15  SCV, Marine x2  
  122  10:16  Marauder x2, Marine  
  122  10:18  Marine x2  
  122  10:19  Marine  
  134  10:25  Supply Depot  
  134  10:28  Siege Tank, Marine  
  138  10:30  Refinery x2  
  138  10:37  Marauder x2  
  138  10:40  Marine x2  
  144  10:46  Marauder  
  144  10:49  Marine x2  
  148  10:50  Sensor Tower  
  148  10:54  Marine x2  
  148  10:57  Barracks  
  150  10:58  Barracks, Liberator x2  
  150  11:00  Siege Tank  
  150  11:03  Barracks, Missile Turret  
  153  11:04  SCV  
  153  11:05  Barracks  
  153  11:08  Marauder, Marine x2  
  158  11:12  Marine x2  
  158  11:13  Marauder  
  158  11:14  Missile Turret  
  168  11:19  Ghost Academy  
  168  11:22  Ghost Academy  
  168  11:24  Marauder, Marine x2  
  168  11:25  Ghost Academy  
  172  11:30  Marauder  
  174  11:33  Planetary Fortress  
  174  11:35  Missile Turret  
  174  11:43  SCV  
  175  11:47  Marine  
  175  11:48  Marauder  
  175  11:50  Missile Turret, Marine  
  175  11:51  Marauder x2  
  155  12:35  Marine x7  
  155  12:36  Marauder x2, Marine x3  
  159  12:51  Personal Cloaking, Nuke  
  159  12:53  Command Center  
  159  12:57  Factory x2  
  134  13:12  Marine x2  
  114  13:13  Marine x2  
  114  13:14  Marauder x2  
  114  13:15  Marine  
  114  13:18  Marine x2  
  114  13:19  Marine  
  102  13:23  Refinery  
  102  13:24  Refinery  
  102  13:26  Marine  
  103  13:27  Marine x2  
  103  13:30  Marine x2  
  98  13:35  Marauder  
  98  13:36  Marine x2, Marauder  
  98  13:37  Marine  
  98  13:38  Marine  
  98  13:39  Liberator x2  
  98  13:40  Siege Tank  
  98  13:41  Factory Tech Lab  
  98  13:42  Factory Tech Lab  
  98  13:45  Marauder, Marine  
  102  13:49  Marine x2  
  106  13:57  Marauder  
  106  14:01  Terran Infantry Weapons Level 3, Terran Infantry Armor Level 3  
  113  14:03  Barracks Tech Lab  
  113  14:04  Barracks Tech Lab  
  113  14:06  Barracks Tech Lab  
  113  14:07  Barracks Tech Lab  
  113  14:09  Ghost x2  
  111  14:11  Marine x5  
  111  14:14  Terran Vehicle And Ship Armor Level 2, Marine  
  111  14:17  Nuke, Ghost  
  121  14:19  Starport  
  121  14:23  SCV x2  
  125  14:25  Planetary Fortress  
  125  14:26  Missile Turret  
  125  14:28  SCV x2, Marine x2  
  125  14:30  Widow Mine  
  131  14:32  Siege Tank  
  131  14:34  Siege Tank  
  131  14:38  Ghost, Missile Turret  
  137  14:39  Missile Turret, Medivac  
  137  14:41  Missile Turret  
  137  14:42  Ghost  
  137  14:43  Refinery x2, Marine  
  144  14:49  Medivac  
  146  14:59  Siege Tank  
  147  15:01  Liberator  
  147  15:04  Siege Tank, Marine x7  
  147  15:05  Marauder x2  
  154  15:09  Medivac  
  159  15:22  Liberator  
  162  15:47  Marine x2  
  162  15:48  Marine x9  
  162  15:49  Supply Depot x2, Marauder  
  175  15:50  Supply Depot, Starport Reactor  
  175  15:52  Siege Tank x2  
  175  15:53  Siege Tank  
  175  15:54  Marine  
  185  16:05  Marine  
  192  16:11  Marauder x3  
  184  16:19  Marine  
Show
View Real Time Build Order
Export as new Build Order

Kelkun Zerg - Winner!

Build Orders: Hatch First 

Get SALT Encoding   

  12  0:01  Drone  
  13  0:12  Overlord  
  13  0:18  Drone  
  14  0:30  Drone  
  14  0:31  Drone  
  14  0:34  Drone  
  17  0:54  Hatchery  
  16  0:57  Drone  
  16  1:00  Drone  
  18  1:15  Spawning Pool  
  17  1:20  Drone, Extractor  
  17  1:22  Drone  
  18  1:28  Drone  
  19  1:38  Overlord  
  19  2:01  Zergling x4  
  19  2:06  Queen x2  
  25  2:09  Overlord  
  25  2:21  Metabolic Boost  
  25  2:34  Drone  
  25  2:36  Drone  
  27  2:39  Drone  
  27  2:41  Queen x2  
  32  2:50  Spine Crawler  
  31  3:07  Overlord  
  31  3:14  Drone x2  
  31  3:15  Drone  
  31  3:17  Queen x2  
  31  3:18  Drone  
  39  3:24  Drone x2  
  41  3:36  Drone x5  
  41  3:38  Drone  
  47  4:01  Hatchery  
  46  4:09  Roach Warren  
  45  4:10  Overlord  
  45  4:11  Overlord x2  
  45  4:20  Drone  
  45  4:21  Drone x2  
  45  4:22  Drone  
  49  4:49  Roach  
  49  4:50  Roach x7  
  65  4:58  Drone  
  65  4:59  Drone x3  
  69  5:21  Queen  
  69  5:27  Drone x9  
  80  5:32  Hatchery, Extractor  
  80  5:33  Extractor  
  80  5:34  Evolution Chamber  
  76  5:36  Lair  
  76  5:37  Evolution Chamber  
  76  5:40  Extractor  
  75  5:42  Drone  
  75  5:43  Drone x2  
  75  5:44  Drone x3  
  75  5:45  Drone  
  75  5:46  Drone  
  75  5:47  Overlord x2  
  82  6:12  Zerg Ground Armor Level 1  
  82  6:16  Drone  
  82  6:17  Drone x4  
  87  6:22  Zerg Missile Weapons Level 1  
  87  6:24  Overlord  
  87  6:25  Overlord x5  
  87  6:33  Glial Reconstitution  
  87  6:46  Roach x2  
  87  6:47  Roach x6  
  103  6:52  Hatchery  
  102  7:06  Roach x8  
  102  7:08  Overlord x4  
  118  7:26  Roach x8  
  118  7:27  Roach  
  136  7:33  Overseer  
  136  7:35  Overlord x4  
  136  7:39  Roach x3  
  141  8:05  Extractor x2  
  139  8:07  Queen  
  139  8:08  Drone x3  
  139  8:09  Drone x3  
  139  8:12  Drone x4  
  151  8:13  Drone x4  
  151  8:17  Ravager x5  
  160  8:21  Drone x5  
  165  8:35  Hydralisk Den  
  163  8:49  Hatchery  
  152  9:04  Ravager  
  152  9:05  Ravager x7  
  152  9:06  Zergling x2  
  152  9:07  Zergling x42  
  182  9:18  Spire  
  182  9:22  Extractor  
  182  9:23  Drone x3  
  183  9:24  Drone x2, Extractor  
  183  9:25  Drone, Overlord  
  120  9:59  Zerg Ground Armor Level 2, Zerg Missile Weapons Level 2  
  120  10:04  Queen  
  122  10:12  Drone x5  
  122  10:13  Drone x3  
  130  10:17  Drone  
  130  10:18  Drone x2  
  133  10:30  Hatchery  
  133  10:31  Zerg Flyer Weapons Level 1, Corruptor  
  133  10:32  Corruptor x8  
  133  10:33  Corruptor  
  152  10:38  Pneumatized Carapace  
  152  10:47  Extractor  
  152  10:48  Extractor  
  152  10:49  Spore Crawler  
  149  10:50  Drone  
  149  10:51  Drone x3, Spine Crawler x2  
  149  10:52  Drone x2  
  153  11:04  Roach x20  
  165  11:05  Roach x2  
  165  11:06  Roach  
  199  11:33  Infestation Pit  
  198  11:53  Ravager x2  
  191  12:28  Roach  
  191  12:29  Roach x27  
  200  12:30  Roach x3  
  200  12:31  Roach x2  
  200  12:35  Overlord  
  200  12:36  Roach x5  
  200  12:37  Roach x10  
  196  12:49  Corruptor  
  196  12:50  Corruptor  
  174  13:07  Roach x17  
  174  13:08  Roach x5  
  162  13:22  Corruptor  
  162  13:23  Corruptor x12  
  184  13:40  Ravager x7  
  185  13:45  Zergling x16  
  185  13:46  Zergling x14  
  200  13:59  Hive, Zerg Flyer Weapons Level 2  
  200  14:02  Zerg Melee Weapons Level 1  
  200  14:22  Overseer x3  
  200  14:27  Extractor  
  200  14:28  Lurker Den  
  200  14:29  Extractor  
  200  14:30  Spore Crawler  
  197  14:31  Spine Crawler  
  197  14:32  Spine Crawler  
  197  14:37  Spine Crawler  
  194  14:44  Hatchery  
  189  15:17  Adrenal Glands, Ultralisk Cavern  
  188  15:25  Drone x4  
  188  15:26  Drone x2  
  194  15:53  Ravager x5  
  199  16:06  Hatchery  
  198  16:15  Overseer  
Tags
 
Add a new tag
Caveats
  • Supply blocks, unpowered buildings, or Contaminate may cause inaccurate times.
  • Supply counts are checked every 10 seconds.